 Dungeon Crawl Stone Soup version 0.32-a0-999-gfa1cc04b1d (webtiles) character file.

Game seed: 18266478662838123611

64 shadizar the Magician (level 4, -2/31 HPs)
             Began as a Djinni Conjurer on Apr 24, 2024.
             Slain by a gnoll
             ... wielding a +0 whip
              (6 damage)
             ... on level 2 of the Dungeon.
             The game lasted 00:00:47 (1290 turns).

shadizar the Magician (Djinni Conjurer)             Turns: 1290, Time: 00:00:48

Health: -2/31      AC:  2    Str:  6    XL:     4   Next: 32%
Gold:   106        EV: 11    Int: 22    God:
                   SH:  0    Dex: 11

rFire   + + .        (no weapon)
rCold   x . .        (no shield)
rNeg    . . .        a - +0 robe
rPois   ∞            (no helmet)
rElec   .            (no cloak)
rCorr   .            (no gloves)
SInv    .            (boots unavailable)
Will    .....        (no amulet)
Stlth   ++           (no ring)
HPRegen 0.25/turn    (no ring)

%: infuse magic (-3 HP)
@: flying
A: sickness immunity, fire resistance 2, cold vulnerability 1, float, innate
caster, HP casting, extra vitality 1
a: no special abilities


You were on level 2 of the Dungeon.
You visited 1 branch of the dungeon, and saw 2 of its levels.

You collected 106 gold pieces.

Inventory:

Armour
 a - a +0 robe (worn)
Jewellery
 h - an amulet of the acrobat
Scrolls
 b - 3 scrolls of blinking {unknown}
 d - a scroll of fear {unknown}
 f - 2 scrolls of identify {unknown}
 g - a scroll of enchant armour {unknown}
 k - a scroll of teleportation {unknown}
 l - a scroll of noise {unknown}
 m - a scroll of enchant weapon {unknown}
Potions
 c - a potion of brilliance {unknown}
 e - 2 potions of enlightenment {unknown}
 i - 3 potions of curing {unknown}
 j - a potion of mutation {unknown}


   Skills:
 - Level 2.1 Dodging
 - Level 1.5 Stealth
 + Level 4.6 Spellcasting
 + Level 4.6 Conjurations
 + Level 4.6 Hexes
 + Level 4.6 Summonings
 + Level 4.6 Necromancy
 + Level 4.6 Translocations
 + Level 4.6 Fire Magic
 + Level 4.6 Ice Magic
 + Level 4.6 Air Magic
 + Level 4.6 Earth Magic
 + Level 4.6 Alchemy


You knew the following spells:

 Your Spells              Type           Power      Damage    Failure   Level
a - Magic Dart            Conj           100%       1d8       1%          1
b - Searing Ray           Conj           50%        2d6       2%          2
c - Fulminant Prism       Conj/Alch      12%        3d8       16%         4
d - Iskenderun's Mystic Conj/Tloc 25%            2d7        (+2d3     16%         4
e - Shock                 Conj/Air       100%       1d9       1%          1
Your spell library was empty.

Dungeon Overview and Level Annotations

Branches:
Dungeon (2/15)

Altars:


Innate Abilities, Weirdness & Mutations

You are immune to sickness and miasma.
You are immune to poison.
Your flesh is very heat resistant. (rF++)
You are vulnerable to cold. (rC-)
You float through the air rather than walking.
You learn spells naturally, not from books.
Your magical power is your life essence.
You have superior vitality. (+4 MHP)


Message History

The hobgoblin is heavily wounded.
A hobgoblin is nearby!
The magic dart hits the hobgoblin.
The hobgoblin is severely wounded.
A hobgoblin is nearby!
A hobgoblin is nearby!
The magic dart hits the hobgoblin!
You kill the hobgoblin!
You can't see any susceptible monsters within range! (Use Z to cast anyway.)
A gnoll comes into view. It is wielding a +0 whip.
The magic dart hits the gnoll.
The gnoll is heavily wounded.
A gnoll is nearby!
A gnoll is nearby!
The magic dart hits the gnoll.
The gnoll is heavily wounded.
A gnoll is nearby!
A gnoll is nearby!
The magic dart hits the gnoll but does no damage.
The gnoll is heavily wounded.
The gnoll closely misses you.
The magic dart hits the gnoll.
The gnoll is severely wounded.
The gnoll hits you with a +0 whip.
The magic dart hits the gnoll.
The gnoll is almost dead.
The gnoll hits you with a +0 whip.
A gnoll comes into view. It is wielding a +0 halberd.
The magic dart hits the gnoll.
The gnoll is almost dead.
The gnoll hits you with a +0 whip.
You are too injured to fight recklessly!
A gnoll comes into view. It is wielding a +0 flail.
The gnoll attacks as it pursues you! The gnoll hits you with a +0 whip.
A goblin comes into view. It is wielding a +0 club.
The goblin shouts!
The gnoll attacks as it pursues you! The gnoll hits you with a +0 whip!
* * * LOW HITPOINT WARNING * * *
The gnoll attacks as it pursues you! The gnoll hits you with a +0 whip.
You die...

##.###.........##..#
#.###.........#...# .
#########.##............#.## ..
...>..............)....##..###...
##########...........#.###..).)..
.# ##..........#....g.##... .#
##........g...##.$$# . .#
##.........g.....##..... .#
#......@g...##....####.. .#####
##.#..<......###...# #
......###..#....[....# #.....
.......#..................##.#
..........###.......###...# .#
..........####.....## ...
............########
.........##..# .........# #.#


You could see 2 gnolls and a goblin.

Vanquished Creatures
  2 adders (D:2)
  A dart slug (D:2)
  A ball python (D:1)
  3 bats (D:1)
  4 endoplasms
  A giant cockroach (D:1)
  4 goblins
  6 hobgoblins
  4 jackals (D:2)
  4 kobolds
  2 quokkas
  A frilled lizard (D:2)
  4 rats
37 creatures vanquished.

Notes
Turn   | Place    | Note
-------+----------+-------------------------------------------
     0 | D:1      | shadizar the Djinni Conjurer began the quest for the Orb.
     0 | D:1      | shadizar set off with the following spells memorised: Magic
                  | Dart, Searing Ray, Fulminant Prism, Iskenderun's Mystic
                  | Blast.
     0 | D:1      | Reached XP level 1. HP: 15/15 MP: 0/0
   169 | D:1      | Reached XP level 2. HP: 21/21 MP: 0/0
   854 | D:1      | Reached XP level 3. HP: 23/25 MP: 0/0
   854 | D:1      | Learned a level 1 spell: Shock
  1008 | D:2      | Reached XP level 4. HP: 22/31 MP: 0/0
  1290 | D:2      | Slain by a gnoll

Illustrated notes

Levels and vault maps discovered:
D:1:      psy_arrival_terrarium, layout_loops_ring, serial_co_window_serial,
          co_window_corner_a, co_window_cross_1, co_window_corner_a,
          co_window_corner_a, co_window_corner_a, co_window_unsneaky_path_c,
          co_window_2corner, co_window_2corner
D:2:      layout_rooms

Skill      XL: |  1  2 |
---------------+-------+-----
Spellcasting   | 4 |  4.6
Conjurations   | 4 |  4.6
Hexes          | 4 |  4.6
Summonings     | 4 |  4.6
Necromancy     | 4 |  4.6
Translocations | 4 |  4.6
Fire Magic     | 4 |  4.6
Ice Magic      | 4 |  4.6
Air Magic      | 4 |  4.6
Earth Magic    | 4 |  4.6
Alchemy        | 4 |  4.6
Dodging        | |  2.1
Stealth        | |  1.5

Action                     |  1- 3 |  4- 6 || total
---------------------------+-------+-------++-------
   Cast: Magic Dart        |    48 |    32 ||    80
 Armour: Robe              |     5 |     6 ||    11
  Dodge: Dodged            |     2 |     4 ||     6

Table legend: (Time is in decaauts)
 A = Elapsed time spent in this place.
 B = Non-inter-level travel time spent in this place.
 C = Inter-level travel time spent in this place.
 D = Time resting spent in this place.
 E = Time spent auto-exploring this place.
 F = Levels seen in this place.
 G = Mean time per level.
                   A        B        C        D        E       F      G
               +--------+--------+--------+--------+--------+-----+--------+
         Total |   1289 |   1284 |      5 |      0 |   1126 |   2 |  644.5 |
       Dungeon |   1289 |   1284 |      5 |      0 |   1126 |   2 |  644.5 |
               +--------+--------+--------+--------+--------+-----+--------+

Top non-repeatable levels by time:
     D:1: 880 daAuts
     D:2: 409 daAuts
